 Dungeon Crawl Stone Soup version 0.24-a0-228-g05560da (webtiles) character file.

Game seed: 10132781485661541304

44 geeko55 the Magician (level 3, 0/24 HPs)
             Began as a Demonspawn Wizard on Apr 1, 2019.
             Slain by a bullfrog (1 damage)
             ... on level 2 of the Dungeon.
             The game lasted 00:05:38 (1211 turns).

geeko55 the Magician (Demonspawn Wizard)            Turns: 1211, Time: 00:05:39

Health: 0/24       AC:  4    Str:  7    XL:     3   Next: 41%
Magic:  0/8        EV: 12    Int: 18    God:
Gold:   66         SH:  0    Dex: 11    Spells: 5/10 levels left

rFire    . . .     SeeInvis +   h - +0 club
rCold    . . .     Gourm    .   (no shield)
rNeg     . . .     Faith    .   a - +0 robe
rPois    .         Spirit   +   b - +0 hat
rElec    .         Reflect  .   (no cloak)
rCorr    .         Harm     .   (no gloves)
MR       .....                  (no boots)
Stlth    ++........             c - amulet of guardian spirit
HPRegen  0.08/turn              (no ring)
MPRegen  0.11/turn              (no ring)

@: no status effects
A: fangs 1, icy blue scales 1, see invisible, dopey 1, MP-powered wands
a: no special abilities


You were on level 2 of the Dungeon.
You were hungry.

You visited 1 branch of the dungeon, and saw 2 of its levels.

You collected 66 gold pieces.

Inventory:

Hand Weapons
 h - a +0 club (weapon)
Missiles
 e - 6 javelins (quivered)
Armour
 a - a +0 robe (worn)
 b - a +0 hat (worn)
Jewellery
 c - an amulet of guardian spirit (around neck)
Scrolls
 i - a scroll of remove curse {unknown}
 j - a scroll of teleportation {unknown}
 k - 3 scrolls of identify {unknown}
 l - a scroll of fog {unknown}
Potions
 f - a potion of mutation
 g - a potion of invisibility {unknown}
Comestibles
 d - 5 rations


   Skills:
 - Level 1.7 Dodging
 - Level 1.7 Stealth
 * Level 4.3 Spellcasting
 - Level 1.0 Conjurations
 - Level 1.0 Summonings
 - Level 0.8 Translocations


You had 5 spell levels left.
You knew the following spells:

 Your Spells              Type           Power        Failure   Level  Hunger
a - Magic Dart            Conj           #...         10%         1    None
b - Call Imp              Summ           #.......     14%         2    ##.....
c - Blink                 Tloc           N/A          16%         2    ##.....

Your spell library contained the following spells:

 Spells                   Type           Power        Failure   Level  Hunger
 Slow                     Hex            #.......     22%         2    ##.....
 Conjure Flame            Conj/Fire      #.......     34%         3    ###....
 Mephitic Cloud           Conj/Pois/Air  #.......     36%         3    ###....


Dungeon Overview and Level Annotations

Branches:
Dungeon (2/15)

Altars:


Innate Abilities, Weirdness & Mutations

You are partially covered in icy blue scales. (AC +2)
You have very sharp teeth.
You have supernaturally acute eyesight. (SInv)
You are dopey. (Int -2)
You expend magic power (3 MP) to strengthen your wands.


Message History

Aim: a bullfrog (moderately wounded)
You throw a javelin. The javelin hits the bullfrog.
The bullfrog is heavily wounded.
The bullfrog barely misses you. The bullfrog hits you!
* * * LOW HITPOINT WARNING * * *
The bullfrog closely misses you. The bullfrog hits you.
* * * LOW HITPOINT WARNING * * *
The bullfrog hits you but does no damage.
It was a potion of mutation.
You feel extremely strange.
Your vision sharpens.
Your teeth lengthen and sharpen.
You feel stupid.
You feel your magical essence link to your wands.
The bullfrog hits you.
You hit the bullfrog.
The bullfrog is heavily wounded.
The bullfrog barely misses you. The bullfrog closely misses you.
You closely miss the bullfrog.
The bullfrog is heavily wounded.
The bullfrog hits you.
You die...

######### ........#
#######.# #.# #.#
#######.##########
.ยง.........<...(.#
...<#.#.########F#
#####.#.# #@# #.#.#
#.# #.#.## #.#
#####....# #.#
.........# #.#
########.# #.# #.#
#.# #.# #.### #.#
#.>.#


You could see a bullfrog.

Vanquished Creatures
  An adder (D:2)
  A dart slug (D:2)
  2 giant cockroaches (D:1)
  2 goblins
  2 hobgoblins
  2 bats
  2 kobolds (D:1)
  7 rats
19 creatures vanquished.

Vanquished Creatures (collateral kills)
  A bullfrog skeleton (D:2)
1 creature vanquished.

Grand Total: 20 creatures vanquished

Notes
Turn   | Place    | Note
-------+----------+-------------------------------------------
     0 | D:1      | geeko55 the Demonspawn Wizard began the quest for the Orb.
     0 | D:1      | Reached XP level 1. HP: 13/13 MP: 4/4
   392 | D:1      | Gained mutation: You are partially covered in icy blue
                  | scales. (AC +2) [demonic ancestry]
   392 | D:1      | Reached XP level 2. HP: 19/19 MP: 3/6
   714 | D:2      | Learned a level 2 spell: Call Imp
   717 | D:2      | Learned a level 2 spell: Blink
   766 | D:2      | Reached skill level 4 in Spellcasting
   766 | D:2      | Reached XP level 3. HP: 24/24 MP: 3/8
  1107 | D:2      | Noticed a bullfrog
  1207 | D:2      | HP: 1/24 [bullfrog (6)]
  1209 | D:2      | Gained mutation: You have supernaturally acute eyesight.
                  | (SInv) [potion of mutation]
  1209 | D:2      | Gained mutation: You have very sharp teeth. [potion of
                  | mutation]
  1209 | D:2      | Gained mutation: You are dopey. (Int -2) [potion of
                  | mutation]
  1209 | D:2      | Gained mutation: You expend magic power (3 MP) to
                  | strengthen your wands. [potion of mutation]
  1211 | D:2      | Slain by a bullfrog

Levels and vault maps discovered:
D:1:      tarquinn_simple_flora_water_a, layout_rooms
D:2:      layout_loops_ring

Skill      XL: |  1  2 |
---------------+-------+-----
Spellcasting   | 4 |  4.3
Dodging        | |  1.7
Stealth        | |  1.7
Conjurations   | |  1.0
Summonings     | |  1.0
Translocations | |  0.8

Action                   || total
-------------------------++-------
Melee: Unarmed           ||    18
       Club              ||     3
Throw: Javelin           ||    15
 Cast: Magic Dart        ||    35
       Call Imp          ||     3
       Blink             ||     3
  Use: Potion            ||     1
Armor: Robe              ||     7
Dodge: Dodged            ||    33

Table legend:
 A = Non-vault XP
 B = Vault XP
 C = Vault XP percentage of total XP
 D = Non-vault monster count
 E = Vault monster count
 F = Vault count percentage of total count
                 A         B        C        D         E       F
            +---------+---------+-------+---------+---------+-------
      Total |      64 |       0 |   0.0 |      20 |       0 |   0.0
            +---------+---------+-------+---------+---------+-------
        D:1 |      13 |       0 |   0.0 |       9 |       0 |   0.0
        D:2 |      51 |       0 |   0.0 |      11 |       0 |   0.0
            +---------+---------+-------+---------+---------+-------
